 Dungeon Crawl Stone Soup version 0.27-a0-380-g150de4c316 (webtiles) character file.

Game seed: 10566388368706609312

156 sahdkjhfkaj the Insei (level 5, -5/39 HPs)
             Began as a Vine Stalker Transmuter on Feb 17, 2021.
             Was a Follower of Uskayaw.
             Blown up by Ijyb (14 damage)
             ... with a mindburst bolt
             ... on level 4 of the Dungeon.
             The game lasted 00:03:51 (3428 turns).

sahdkjhfkaj the Insei (Vine Stalker Transmuter)     Turns: 3428, Time: 00:03:52

Health: -5/39      AC: 22    Str: 13    XL:     5   Next: 37%
Magic:  0/10       EV:  2    Int: 13    God:    Uskayaw [*.....]
Gold:   85         SH:  0    Dex: 15    Spells: 1/10 levels left

rFire    . . .     SeeInvis .     - Unarmed
rCold    . . .     Faith    .   (no shield)
rNeg     + + +     Spirit   +   (armour currently unavailable)
rPois    +         Reflect  .   (helmet currently unavailable)
rElec    .         Harm     .   (cloak currently unavailable)
rCorr    .         Rampage  .   (gloves currently unavailable)
Will     .....     NoTele   +   (boots currently unavailable)
Stlth    +.........             (no amulet)
HPRegen  1.13/turn              (no ring)
MPRegen  0.12/turn              (no ring)

@: tree-form
A: regeneration 1, magic shield, no potion heal 3
a: Renounce Religion, Stomp


You were on level 4 of the Dungeon.
You worshipped Uskayaw.
Uskayaw was noncommittal.
You were a tree.
You visited 1 branch of the dungeon, and saw 4 of its levels.

You collected 85 gold pieces.

Inventory:

Missiles
 b - 2 throwing nets {!f}
Armour
 a - a +0 robe (melded)
 j - a +0 cloak (melded)
Scrolls
 g - 4 scrolls of teleportation {unknown}
 h - 3 scrolls of identify {unknown}
 l - 2 scrolls of fear {unknown}
Potions
 c - 2 potions of heal wounds {unknown}
 d - a potion of cancellation
 e - a potion of magic {unknown}
 f - a potion of might {unknown}
 i - 2 potions of degeneration {unknown}
 k - 2 potions of curing {unknown}
 m - a potion of mutation {unknown}
 o - a potion of brilliance {unknown}
 p - 3 potions of flight {unknown}


   Skills:
 - Level 1.9 Fighting
 - Level 1.5 Dodging
 - Level 3.5 Unarmed Combat
 - Level 3.0 Spellcasting
 + Level 3.2 Transmutations
 + Level 2.2 Poison Magic


You had one spell level left.
You knew the following spells:

 Your Spells              Type           Power        Failure   Level
a - Beastly Appendage     Tmut           20%          6%          1
s - Spider Form           Tmut/Pois      4%           22%         3
z - Blade Hands           Tmut           5%           86%         5

Your spell library contained the following spells:

 Spells                   Type           Power        Failure   Level
 Wereblood                Tmut           10%          10%         2
 Ice Form                 Ice/Tmut       6%           75%         4


Dungeon Overview and Level Annotations

Branches:
Dungeon (4/15)
 Temple: D:4-7

Altars:
Ashenzari
Cheibriados
Gozag
Makhleb
Uskayaw

Annotations:
D:4 Ijyb


Innate Abilities, Weirdness & Mutations

((You have extremely sharp teeth.))
Your natural rate of healing is unusually fast.
When hurt, damage is shared between your health and your magic reserves.
((Your bite disrupts and absorbs the magic of your enemies.))
Potions cannot restore your health.


Message History

No target in view!
Your transformation has ended.
Your +0 cloak unmelds from your body.
Your +0 robe unmelds from your body.
Found 16 stones.
Unknown command.
Found a stone staircase leading down.
You now have 85 gold pieces (gained 10).
There is a stone staircase leading up here.
You see here 20 bolts.
There is a stone staircase leading down here.
Ijyb the Twisted Goblin comes into view.
She is carrying a wand of mindburst (17).
The spell is extremely dangerous to cast (22% risk of failure)!
Continue anyway?
You turn into a venomous arachnid creature.
Your +0 cloak melds into your body.
Your +0 robe melds into your body.
Ijyb zaps a wand.
Your mind is blasted!
Ouch! That really hurt!
* * * LOW HITPOINT WARNING * * *
Found a triangular amethyst amulet.
Unknown command.
Really quaff the potion of lignification?
Your transformation has ended.
Your +0 cloak unmelds from your body.
Your +0 robe unmelds from your body.
You turn into a tree.
Your +0 cloak melds into your body.
Your +0 robe melds into your body.
Your roots penetrate the ground.
Ijyb hits you but does no damage.
You hit Ijyb.
Ijyb is lightly wounded.
Ijyb hits you but does no damage.
You hit Ijyb but do no damage.
Ijyb is lightly wounded.
Ijyb hits you but does no damage.
You hit Ijyb.
Ijyb is moderately wounded.
You barely miss Ijyb.
Ijyb is moderately wounded.
Ijyb hits you but does no damage.
You hit Ijyb.
Ijyb is heavily wounded.
Ijyb zaps a wand.
Your mind is blasted!
You die...

#...... #...... #......
##...... #####
####....... ####...#
#..#..####. ##......#
###.....# ##
........####.......###
......g♣............>##
........#####.........##
........# ##.........#
.......## #..........
....... #......###.
"...... #.....## ##
....... ####### ##
###..## ###. #...


You could see Ijyb.

Vanquished Creatures
  A worker ant (D:4)
  A hound skeleton (D:4)
  4 adders
  4 worms
  A dart slug (D:1)
  4 leopard geckos
  An orc (D:4)
  3 giant cockroaches
  5 goblins
  6 hobgoblins
  4 jackals (D:3)
  2 quokkas
  2 ball pythons
  8 bats
  11 kobolds
  9 rats
66 creatures vanquished.

Notes
Turn   | Place    | Note
-------+----------+-------------------------------------------
     0 | D:1      | sahdkjhfkaj the Vine Stalker Transmuter began the quest for
                  | the Orb.
     0 | D:1      | Reached XP level 1. HP: 9/9 MP: 4/4
    97 | D:1      | Reached skill level 1 in Fighting
   160 | D:1      | Reached XP level 2. HP: 5/14 MP: 4/6
  1420 | D:2      | Reached XP level 3. HP: 17/18 MP: 5/7
  1424 | D:2      | Learned a level 3 spell: Spider Form
  1556 | D:2      | Found a burning altar of Makhleb.
  1556 | D:2      | Found a hide-covered altar of Uskayaw.
  2312 | D:2      | Reached skill level 1 in Poison Magic
  2312 | D:2      | Gained mutation: Your natural rate of healing is unusually
                  | fast. [Vine Stalker growth]
  2312 | D:2      | Reached XP level 4. HP: 12/23 MP: 5/8
  2535 | D:3      | Found a broken altar of Ashenzari.
  2551 | D:3      | Found a snail-covered altar of Cheibriados.
  2637 | D:2      | Became a worshipper of Uskayaw the Reveller
  2717 | D:3      | Reached * piety under Uskayaw
  2780 | D:3      | Found an opulent altar of Gozag.
  2957 | D:3      | Reached ** piety under Uskayaw
  3134 | D:4      | Reached XP level 5. HP: 15/26 MP: 6/10
  3193 | D:4      | Learned a level 5 spell: Blade Hands
  3418 | D:4      | Noticed Ijyb
  3428 | D:4      | Blown up by Ijyb

Illustrated notes

Levels and vault maps discovered:
D:1:      zelgadis_glass_arrival_small, layout_basic, minmay_hexomino_p4
D:2:      layout_basic, gammafunk_temple_overflow_pools, minivault_14
D:3:      layout_rooms, evilmike_ruin_ashenzari,
          nicolae_gozag_cash_rules_everything_around_me, cheibriados_altar_1
D:4:      layout_cave_pods, guppyfry_shop_venom, uniq_ijyb, uniq_sigmund

Skill      XL: |  1  2  3  4 |
---------------+-------------+-----
Fighting       | 1 |  1.9
Poison Magic   | 1 2 |  2.2
Spellcasting   | 3 |  3.0
Transmutations | 3 |  3.2
Dodging        | |  1.5
Unarmed Combat | |  3.5

Action                   |  1- 3 |  4- 6 || total
-------------------------+-------+-------++-------
Melee: Unarmed           |   111 |   129 ||   240
       Bite              |    21 |    32 ||    53
       Headbutt          |     4 |       ||     4
       Kick              |     3 |       ||     3
       Punch             |     2 |     3 ||     5
 Cast: Beastly Appendage |     6 |       ||     6
       Spider Form       |       |     4 ||     4
  Use: Potion            |     3 |     1 ||     4
 Stab: Sleeping          |     1 |     1 ||     2
Armor: Robe              |    26 |    27 ||    53
       Skin              |     3 |     8 ||    11
Dodge: Dodged            |    58 |    76 ||   134

Table legend: (Time is in decaauts)
 A = Elapsed time spent in this place.
 B = Non-inter-level travel time spent in this place.
 C = Inter-level travel time spent in this place.
 D = Time resting spent in this place.
 E = Time spent auto-exploring this place.
 F = Levels seen in this place.
 G = Mean time per level.
                   A        B        C        D        E       F      G
               +--------+--------+--------+--------+--------+-----+--------+
         Total |   3412 |   3249 |    163 |     23 |   2739 |   4 |  853.0 |
       Dungeon |   3412 |   3249 |    163 |     23 |   2739 |   4 |  853.0 |
               +--------+--------+--------+--------+--------+-----+--------+

Top non-repeatable levels by time:
     D:1: 1350 daAuts
     D:2: 1095 daAuts
     D:3: 664 daAuts
     D:4: 302 daAuts
